Match 41079869
Unlisted

Match 41079869
End
Construct Section Command Post
Dingo Light Scout Car
Vickers Machine Gun Team
Royal Engineer Section
Infantry Section
Infantry Section
Selects Air and Sea Battlegroup
Selects Supply Surplus
Construct Field Infirmary
Forward Retreat Point
Construct Platoon Command Post
Humber Armored Car
Selects Commando Section Paradrop
Selects Commando Support Section Paradrop
6-pounder Anti-tank Gun Team
Construct Resource Cache
Construct Company Command Post
Infantry Section
Construct Resource Cache
Construct Resource Cache
Construct Resource Cache
Unlock M3 Grant Medium Tanks
M3 Grant Medium Tank
Selects Incendiary Bombing Run
Incendiary Bombing Run
M3 Grant Medium Tank
DoMxNightM4rE
zintoko
quangdung.tr0809
Wald
Franky
Gi
0
0

Comments sign in to comment!

No comments posted yet!